 Dungeon Crawl Stone Soup version 0.31-a0-174-g85c54bcb58 (webtiles) character file.

Game seed: 7475705988943821416

2783 qw the Skirmisher (level 9, -1/82 HPs)
             Began as a Naga Hunter on June 15, 2023.
             Was a Believer of Okawaru.
             Slain by a death yak (10 damage)
             ... on level 7 of the Dungeon.
             The game lasted 00:02:31 (6272 turns).

qw the Skirmisher (Naga Hunter)                     Turns: 6272, Time: 00:02:31

Health: -1/82      AC: 11    Str: 13    XL:     9   Next: 70%
Magic:  10/12      EV: 14    Int: 10    God:    Okawaru [**....]
Gold:   367        SH:  5    Dex: 19    Spells: 8/8 levels left

rFire   . . .        Y - +2 orcbow (chaos)
rCold   . . .        (shield currently unavailable)
rNeg    . . .        d - +3 leather armour {rPois}
rPois   +            f - +1 helmet
rElec   .            (no cloak)
rCorr   .            k - +0 pair of gloves
SInv    +            (no barding)
Will    +....        g - amulet of reflection
Stlth   +++          (no ring)
HPRegen 0.33/turn    (no ring)
MPRegen 0.13/turn

%: reflection
@: short of breath, heroic, very slow
A: AC +3, large, see invisible, deformed body, poison resistance, slowness 2,
spit poison 1, naga tail 1
a: Spit Poison, Renounce Religion, Heroism


You were on level 7 of the Dungeon.
You worshipped Okawaru.
Okawaru was pleased with you.
You visited 2 branches of the dungeon, and saw 9 of its levels.

You collected 367 gold pieces.


Innate Abilities, Weirdness & Mutations

Your serpentine skin is tough. (AC +3)
You have supernaturally acute eyesight. (SInv)
Armour fits poorly on your strangely shaped body.
Your system is resistant to poisons. (rPois)
You cover ground very slowly.
You can spit poison.
You have a snake-like lower body.


   Skills:
 + Level 6.1(11.1) Fighting
 - Level 10.0(15.0) Ranged Weapons
 - Level 1.4(6.4) Armour
 - Level 3.2(8.2) Dodging
 - Level 1.5(6.5) Stealth
 - Level 4.3 Invocations


You had 8 spell levels left.
You didn't know any spells.
Your spell library was empty.

Inventory:

Hand Weapons
 i - the +6 orcbow "Killer Klown's Foe" {heavy, Fragile rPois rF+}
   (You found it on level 7 of the Dungeon)

   rF:        It protects you from fire.
   rPois:     It protects you from poison.
   Fragile:   It will be destroyed if unequipped.
 Y - a +2 orcbow of chaos (weapon)
Armour
 d - a +3 leather armour of poison resistance (worn)
 f - a +1 helmet (worn)
 k - a +0 pair of gloves (worn)
Jewellery
 g - an amulet of reflection (around neck)
Wands
 j - a wand of digging (5)
Scrolls
 h - 2 scrolls of identify
Potions
 a - a potion of cancellation
 b - a potion of haste
 e - a potion of resistance
 l - a potion of curing

Dungeon Overview and Level Annotations

Branches:
Dungeon (8/15)             Temple (1/1) D:4
   Lair: D:8-11

Altars:
Ashenzari
Dithmenos
Gozag
Hepliaklqana
Kikubaaqudgha
Makhleb
Nemelex Xobeh
Okawaru
Qazlal
Trog
Wu Jian
Xom
Yredelemnul
Zin
The Shining One


Message History

The orc barely misses you.
You shoot an arrow. The arrow hits the death yak.
You drain the death yak.
The death yak is lightly wounded.
You have got your breath back.
6267 ||| INVOKING Spit Poison.
Aiming: Spit Poison (1% risk of failure)
Press: ? - help, Shift-Dir - straight line, f/p - death yak The splash of poison hits the death yak but does no damage.
The death yak is lightly wounded.
The death yak gores you. The death yak gores you!
The orc hits you with a +0 dagger.
You shoot an arrow. The arrow hits the death yak.
The arrow freezes the death yak.
The death yak is moderately wounded.
The death yak gores you! The death yak gores you.
The orc hits you with a +0 dagger.
6269 ||| DRINKING potion of heal wounds.
You feel much better. The death yak gores you.
The death yak closely misses you. The orc hits you but does no damage.
You shoot an arrow. The arrow hits the death yak!
The death yak resists with almost no effort.
The death yak is heavily wounded.
You have got your breath back.
The death yak completely misses you.
The death yak gores you but does no damage.
The orc hits you with a +0 dagger.
6271 ||| INVOKING Spit Poison.
Aiming: Spit Poison (1% risk of failure)
Press: ? - help, Shift-Dir - straight line, f/p - death yak The splash of poison hits the death yak but does no damage.
The death yak is poisoned.
The death yak is heavily wounded.
You feel like a meek peon again.
The death yak gores you but does no damage.
The death yak gores you! You block the orc's attack.
6272 ||| INVOKING Heroism.
You gain the combat prowess of a mighty hero.
The death yak gores you!
You die...

##.....#.....##........#...<##
##.............#........#.#)))###
#.........................#.#....
#........................##.####.
#...........[............##..###.
#...............#####..#.##...#..
#...............# ##...##.#....
##.............### ######.###..
##.....#.....rY@###### #.###.[
##############YoY..)### #......
######[..###...... ###..........
#####...... #...... #......
#######


You could see 3 death yaks, a river rat and an orc.

Vanquished Creatures
  2 hornets
  Eustachio (D:6)
  Menkaure (D:4)
  A sky beast (D:6)
  An ice beast (D:7)
  3 ogres
  2 centaurs
  2 phantoms
  A kobold brigand (D:6)
  2 bullfrogs
  5 scorpions
  2 vampire bats (D:3)
  2 jellies (D:6)
  2 orc priests
  A gnoll bouda (D:4)
  7 hounds
  3 iguanas
  5 orc wizards
  6 gnolls (D:4)
  7 adders
  A shadow imp (D:7)
  A white imp (D:6)
  An ufetubus (D:7)
  3 worms
  2 dart slugs
  22 orcs
  5 ball pythons
  7 bats
  5 bat skeletons (D:3)
  A bat zombie (D:3)
  6 endoplasms
  3 giant cockroaches
  7 hobgoblins
  2 jackals (D:1)
  5 quokkas
  A frilled lizard (D:1)
  4 goblins
  10 kobolds
  5 rats
147 creatures vanquished.

Vanquished Creatures (others)
  A wizard (D:4)
1 creature vanquished.

Grand Total: 148 creatures vanquished

Notes
Turn   | Place    | Note
-------+----------+-------------------------------------------
     0 | D:1      | qw the Naga Hunter began the quest for the Orb.
     0 | D:1      | Reached XP level 1. HP: 19/19 MP: 1/1
     0 | D:1      | 0 ||| qw: Version: 0.2-a-29-g511e9b1
     0 | D:1      | 0 ||| qw: Game counter: 5171
     0 | D:1      | 0 ||| qw: Always use a shield: true
     0 | D:1      | 0 ||| qw: God list: Okawaru
     0 | D:1      | 0 ||| qw: Allow faded altars: false
     0 | D:1      | 0 ||| qw: Do Orc after D:15 true
     0 | D:1      | 0 ||| qw: Do second Lair branch before Depths: true
     0 | D:1      | 0 ||| qw: Lair rune preference: random
     0 | D:1      | 0 ||| qw: Plans: Normal
     0 | D:1      | 0 ||| PLANNING D:1-11
    40 | D:1      | 40 ||| INVOKING Spit Poison.
    44 | D:1      | 44 ||| INVOKING Spit Poison.
    70 | D:1      | Reached skill level 4 in Ranged Weapons
    70 | D:1      | Reached XP level 2. HP: 26/26 MP: 2/2
    84 | D:1      | 84 ||| INVOKING Spit Poison.
    90 | D:1      | 90 ||| INVOKING Spit Poison.
   150 | D:1      | 150 ||| INVOKING Spit Poison.
   153 | D:1      | 153 ||| INVOKING Spit Poison.
   157 | D:1      | 157 ||| INVOKING Spit Poison.
   207 | D:1      | 207 ||| INVOKING Spit Poison.
   415 | D:1      | 415 ||| INVOKING Spit Poison.
   468 | D:1      | 468 ||| INVOKING Spit Poison.
   471 | D:1      | 471 ||| INVOKING Spit Poison.
   720 | D:1      | 720 ||| UPGRADING to +0 helmet.
   725 | D:1      | 725 ||| READING scroll labelled SEACREGIONN.
   726 | D:1      | 726 ||| READING scroll labelled ALLOMN MORAVE.
   731 | D:1      | 731 ||| DROPPING scroll of butterflies.
   747 | D:2      | 747 ||| INVOKING Spit Poison.
   795 | D:2      | Found a faded altar of an unknown god.
   814 | D:2      | Reached XP level 3. HP: 32/32 MP: 3/3
   823 | D:2      | 823 ||| INVOKING Spit Poison.
   853 | D:2      | 853 ||| INVOKING Spit Poison.
   884 | D:2      | 884 ||| INVOKING Spit Poison.
   910 | D:2      | 910 ||| INVOKING Spit Poison.
  1003 | D:2      | You fall into a shaft and drop 1 floor!
  1015 | D:3      | 1015 ||| INVOKING Spit Poison.
  1033 | D:3      | 1033 ||| READING scroll labelled FUFULO QARU.
  1034 | D:3      | 1034 ||| READING scroll labelled YFFULIAJES.
  1035 | D:3      | 1035 ||| DRINKING 2 fuming yellow potions.
  1036 | D:3      | 1036 ||| DRINKING 2 brown potions.
  1089 | D:2      | 1089 ||| INVOKING Spit Poison.
  1096 | D:2      | 1096 ||| INVOKING Spit Poison.
  1102 | D:2      | 1102 ||| INVOKING Spit Poison.
  1229 | D:2      | 1229 ||| INVOKING Spit Poison.
  1232 | D:2      | 1232 ||| INVOKING Spit Poison.
  1378 | D:2      | 1378 ||| READING scroll labelled MUIRERH OGGO.
  1421 | D:3      | Found a glowing golden altar of the Shining One.
  1422 | D:3      | 1422 ||| INVOKING Spit Poison.
  1426 | D:3      | Reached skill level 5 in Ranged Weapons
  1426 | D:3      | Reached XP level 4. HP: 37/39 MP: 4/4
  1426 | D:3      | 1426 ||| INVOKING Spit Poison.
  1428 | D:3      | 1428 ||| STAIRDANCE
  1430 | D:2      | 1430 ||| INVOKING Spit Poison.
  1434 | D:2      | 1434 ||| INVOKING Spit Poison.
  1478 | D:3      | 1478 ||| INVOKING Spit Poison.
  1485 | D:3      | Identified the +9 long sword "Momios" {vamp, rF- rN+ Int+3}
  1660 | D:3      | 1660 ||| INVOKING Spit Poison.
  1713 | D:3      | 1713 ||| INVOKING Spit Poison.
  1721 | D:3      | 1721 ||| INVOKING Spit Poison.
  1722 | D:3      | 1722 ||| INVOKING Spit Poison.
  1727 | D:3      | 1727 ||| INVOKING Spit Poison.
  1755 | D:3      | 1755 ||| INVOKING Spit Poison.
  1853 | D:3      | 1853 ||| INVOKING Spit Poison.
  1885 | D:3      | 1885 ||| INVOKING Spit Poison.
  1887 | D:3      | 1887 ||| Stepping ~*~*~tactically~*~*~ (outnumbered).
  1889 | D:3      | 1889 ||| INVOKING Spit Poison.
  1893 | D:3      | 1893 ||| INVOKING Spit Poison.
  1896 | D:3      | 1896 ||| DRINKING potion of curing.
  1896 | D:3      | 1896 ||| (to cure confusion)
  1897 | D:3      | 1897 ||| INVOKING Spit Poison.
  1899 | D:3      | Reached skill level 3 in Fighting
  1976 | D:3      | Noticed a centaur
  1979 | D:3      | 1979 ||| INVOKING Spit Poison.
  1980 | D:3      | HP: 9/42 [centaur/arrow (7)]
  1981 | D:3      | 1981 ||| DRINKING 2 potions of heal wounds.
  1983 | D:3      | Killed a centaur
  1984 | D:3      | Reached XP level 5. HP: 15/49 MP: 5/5
  2116 | D:3      | 2116 ||| UPGRADING to +0 orcbow.
  2117 | D:3      | 2117 ||| DROPPING +0 shortbow of flaming.
  2137 | D:3      | Found a faded altar of an unknown god.
  2141 | D:3      | Found a sparkling altar of Nemelex Xobeh.
  2208 | D:3      | Found an ancient bone altar of Kikubaaqudgha.
  2221 | D:3      | Reached skill level 6 in Ranged Weapons
  2221 | D:3      | Reached XP level 6. HP: 52/56 MP: 6/6
  2400 | D:3      | 2400 ||| INVOKING Spit Poison.
  2403 | D:3      | 2403 ||| INVOKING Spit Poison.
  2636 | D:3      | 2636 ||| INVOKING Spit Poison.
  2641 | D:3      | Found the +7 staff of the Meek {protect, meekguard}
  2642 | D:3      | 2642 ||| INVOKING Spit Poison.
  2648 | D:3      | 2648 ||| INVOKING Spit Poison.
  2651 | D:3      | 2651 ||| INVOKING Spit Poison.
  2732 | D:3      | 2732 ||| READING scroll labelled CEERUKL ZAOTOG.
  2810 | D:4      | 2810 ||| STAIRDANCE
  2814 | D:4      | 2814 ||| STAIRDANCE
  2818 | D:4      | 2818 ||| STAIRDANCE
  2822 | D:4      | 2822 ||| STAIRDANCE
  2826 | D:4      | 2826 ||| STAIRDANCE
  2830 | D:4      | 2830 ||| STAIRDANCE
  2834 | D:4      | 2834 ||| STAIRDANCE
  2838 | D:4      | 2838 ||| STAIRDANCE
  2842 | D:4      | 2842 ||| STAIRDANCE
  2846 | D:4      | 2846 ||| STAIRDANCE
  2850 | D:4      | 2850 ||| STAIRDANCE
  2854 | D:4      | 2854 ||| STAIRDANCE
  2858 | D:4      | 2858 ||| STAIRDANCE
  2862 | D:4      | 2862 ||| STAIRDANCE
  2866 | D:4      | 2866 ||| STAIRDANCE
  2870 | D:4      | 2870 ||| STAIRDANCE
  2874 | D:4      | 2874 ||| STAIRDANCE
  2878 | D:4      | 2878 ||| STAIRDANCE
  2882 | D:4      | 2882 ||| STAIRDANCE
  2886 | D:4      | 2886 ||| STAIRDANCE
  2897 | D:3      | 2897 ||| Stepping randomly (stuck).
  2905 | D:4      | 2905 ||| INVOKING Spit Poison.
  2969 | D:4      | 2969 ||| READING scroll of enchant weapon.
  2969 | D:4      | 2969 ||| ENCHANTING +1 orcbow.
  2986 | D:4      | 2986 ||| INVOKING Spit Poison.
  2987 | D:4      | 2987 ||| Stepping ~*~*~tactically~*~*~ (outnumbered).
  2991 | D:4      | 2991 ||| INVOKING Spit Poison.
  2996 | D:4      | 2996 ||| INVOKING Spit Poison.
  3118 | D:4      | 3118 ||| Stepping ~*~*~tactically~*~*~ (outnumbered).
  3119 | D:4      | 3119 ||| INVOKING Spit Poison.
  3124 | D:4      | 3124 ||| INVOKING Spit Poison.
  3130 | D:4      | 3130 ||| INVOKING Spit Poison.
  3132 | D:4      | Reached XP level 7. HP: 29/64 MP: 7/7
  3135 | D:4      | 3135 ||| INVOKING Spit Poison.
  3136 | D:4      | HP: 13/64 [gnoll/+0 whip[a gnoll bouda] (6)]
  3137 | D:4      | 3137 ||| DRINKING potion of heal wounds.
  3234 | D:4      | 3234 ||| INVOKING Spit Poison.
  3237 | D:4      | 3237 ||| INVOKING Spit Poison.
  3247 | D:4      | 3247 ||| INVOKING Spit Poison.
  3253 | D:4      | 3253 ||| INVOKING Spit Poison.
  3254 | D:4      | Reached skill level 7 in Ranged Weapons
  3273 | D:4      | 3273 ||| READING scroll of enchant armour.
  3273 | D:4      | 3273 ||| ENCHANTING +0 helmet.
  3286 | D:4      | 3286 ||| INVOKING Spit Poison.
  3293 | D:4      | 3293 ||| INVOKING Spit Poison.
  3297 | D:4      | 3297 ||| INVOKING Spit Poison.
  3302 | D:4      | 3302 ||| INVOKING Spit Poison.
  3405 | D:4      | Found a staircase to the Ecumenical Temple.
  3407 | D:4      | 3407 ||| PLANNING TEMPLE
  3407 | D:4      | 3407 ||| READING scroll labelled SIGAOL INOLUI.
  3408 | D:4      | 3408 ||| READING 2 scrolls labelled PEMIYL ROPRA.
  3409 | D:4      | 3409 ||| READING scroll labelled OKKIST VACUCS.
  3410 | D:4      | 3410 ||| DRINKING 2 amethyst potions.
  3411 | D:4      | 3411 ||| DRINKING 2 sapphire potions.
  3412 | D:4      | 3412 ||| DROPPING potion of attraction.
  3413 | D:4      | 3413 ||| DROPPING scroll of revelation.
  3422 | Temple   | Entered the Ecumenical Temple
  3424 | Temple   | 3424 ||| PLANNING OKAWARU WORSHIP
  3592 | Temple   | Became a worshipper of Warmaster Okawaru
  3593 | Temple   | 3593 ||| PLANNING D:1-11
  3651 | D:4      | 3651 ||| INVOKING Spit Poison.
  3673 | D:4      | 3673 ||| INVOKING Spit Poison.
  3681 | D:4      | Found a bloodstained altar of Trog.
  3683 | D:4      | Noticed a wizard
  3688 | D:4      | Killed a wizard
  3773 | D:4      | 3773 ||| READING scroll labelled XEBIFE DOUVEO.
  3774 | D:4      | 3774 ||| DRINKING 2 red potions.
  3775 | D:4      | 3775 ||| READING 2 scrolls of identify.
  3775 | D:4      | 3775 ||| IDENTIFYING dark potion
  3776 | D:4      | 3776 ||| DROPPING potion of brilliance.
  3796 | D:5      | Entered Level 5 of the Dungeon
  3796 | D:5      | Noticed Menkaure
  3801 | D:5      | 3801 ||| STAIRDANCE
  3804 | D:4      | Killed Menkaure
  4030 | D:5      | 4030 ||| INVOKING Spit Poison.
  4032 | D:5      | Reached skill level 8 in Ranged Weapons
  4032 | D:5      | Reached XP level 8. HP: 72/72 MP: 8/8
  4035 | D:5      | 4035 ||| INVOKING Spit Poison.
  4035 | D:5      | Reached * piety under Okawaru
  4042 | D:5      | 4042 ||| INVOKING Spit Poison.
  4137 | D:5      | 4137 ||| INVOKING Heroism.
  4138 | D:5      | 4138 ||| INVOKING Spit Poison.
  4241 | D:5      | Reached skill level 1 in Invocations
  4309 | D:5      | 4309 ||| INVOKING Spit Poison.
  4313 | D:5      | 4313 ||| INVOKING Spit Poison.
  4423 | D:5      | 4423 ||| INVOKING Spit Poison.
  4427 | D:5      | Found a glowing silver altar of Zin.
  4712 | D:5      | 4712 ||| READING scroll labelled ETOONA TECLU.
  4822 | D:5      | 4822 ||| READING 2 scrolls of identify.
  4822 | D:5      | 4822 ||| IDENTIFYING sedimented white potion
  4855 | D:6      | Noticed Eustachio
  4856 | D:6      | 4856 ||| INVOKING Heroism.
  4860 | D:6      | 4860 ||| INVOKING Spit Poison.
  4871 | D:6      | 4871 ||| INVOKING Spit Poison.
  4877 | D:6      | 4877 ||| INVOKING Heroism.
  4879 | D:6      | 4879 ||| INVOKING Spit Poison.
  4883 | D:6      | 4883 ||| INVOKING Spit Poison.
  4885 | D:6      | Reached skill level 3 in Invocations
  4890 | D:6      | 4890 ||| INVOKING Spit Poison.
  4896 | D:6      | 4896 ||| STAIRDANCE
  4898 | D:6      | 4898 ||| STAIRDANCE
  4900 | D:5      | 4900 ||| INVOKING Heroism.
  4901 | D:5      | 4901 ||| INVOKING Spit Poison.
  5041 | D:6      | 5041 ||| INVOKING Heroism.
  5042 | D:6      | 5042 ||| INVOKING Spit Poison.
  5047 | D:6      | 5047 ||| INVOKING Spit Poison.
  5048 | D:6      | Killed Eustachio
  5071 | D:6      | 5071 ||| INVOKING Spit Poison.
  5077 | D:6      | 5077 ||| INVOKING Spit Poison.
  5101 | D:6      | 5101 ||| INVOKING Heroism.
  5105 | D:6      | Reached XP level 9. HP: 81/81 MP: 9/12
  5107 | D:6      | 5107 ||| INVOKING Spit Poison.
  5109 | D:6      | Reached skill level 9 in Ranged Weapons
  5120 | D:6      | 5120 ||| INVOKING Spit Poison.
  5196 | D:6      | 5196 ||| INVOKING Heroism.
  5197 | D:6      | 5197 ||| INVOKING Spit Poison.
  5200 | D:6      | Reached skill level 1 in Armour
  5201 | D:6      | 5201 ||| INVOKING Spit Poison.
  5259 | D:6      | 5259 ||| INVOKING Spit Poison.
  5356 | D:6      | 5356 ||| INVOKING Spit Poison.
  5371 | D:6      | 5371 ||| INVOKING Spit Poison.
  5378 | D:6      | Reached skill level 3 in Dodging
  5430 | D:6      | 5430 ||| INVOKING Spit Poison.
  5511 | D:6      | 5511 ||| UPGRADING to +3 leather armour of poison
                  | resistance.
  5521 | D:6      | 5521 ||| DROPPING +0 leather armour.
  5522 | D:6      | 5522 ||| UPGRADING to +0 pair of gloves.
  5527 | D:6      | 5527 ||| UPGRADING to amulet of reflection.
  5532 | D:6      | 5532 ||| DROPPING amulet of magic regeneration.
  5554 | D:7      | 5554 ||| INVOKING Spit Poison.
  5558 | D:7      | 5558 ||| INVOKING Spit Poison.
  5561 | D:7      | 5561 ||| INVOKING Spit Poison.
  5563 | D:7      | Noticed a hornet
  5566 | D:7      | 5566 ||| INVOKING Spit Poison.
  5567 | D:7      | 5567 ||| STAIRDANCE
  5569 | D:6      | 5569 ||| INVOKING Spit Poison.
  5570 | D:6      | 5570 ||| INVOKING Heroism.
  5575 | D:6      | 5575 ||| INVOKING Spit Poison.
  5578 | D:6      | 5578 ||| INVOKING Spit Poison.
  5580 | D:6      | Killed a hornet
  5581 | D:6      | Reached skill level 6 in Fighting
  5582 | D:6      | 5582 ||| INVOKING Spit Poison.
  5735 | D:7      | 5735 ||| INVOKING Spit Poison.
  5741 | D:7      | 5741 ||| INVOKING Spit Poison.
  5795 | D:7      | Identified the +3 scale mail of Yruago Yxzau {rN+++ Int+9
                  | Dex-5 Stlth-}
  5808 | D:7      | 5808 ||| INVOKING Spit Poison.
  5862 | D:7      | Noticed a hornet
  5865 | D:7      | 5865 ||| INVOKING Spit Poison.
  5871 | D:7      | 5871 ||| INVOKING Spit Poison.
  5874 | D:7      | Killed a hornet
  5874 | D:7      | Reached ** piety under Okawaru
  5918 | D:7      | Identified the +6 orcbow "Killer Klown's Foe" {heavy,
                  | Fragile rPois rF+}
  5924 | D:7      | 5924 ||| READING scroll of brand weapon.
  5924 | D:7      | 5924 ||| BRANDING +2 orcbow.
  5932 | D:7      | 5932 ||| INVOKING Spit Poison.
  5969 | D:7      | 5969 ||| INVOKING Spit Poison.
  5974 | D:7      | 5974 ||| INVOKING Spit Poison.
  6000 | D:7      | Found a broken altar of Ashenzari.
  6009 | D:7      | 6009 ||| INVOKING Spit Poison.
  6012 | D:7      | 6012 ||| INVOKING Spit Poison.
  6249 | D:8      | Noticed a death yak
  6250 | D:8      | 6250 ||| INVOKING Heroism.
  6251 | D:8      | 6251 ||| INVOKING Spit Poison.
  6251 | D:8      | Noticed a death yak
  6253 | D:8      | Reached skill level 10 in Ranged Weapons
  6255 | D:8      | 6255 ||| INVOKING Spit Poison.
  6258 | D:8      | Noticed a death yak
  6259 | D:8      | 6259 ||| INVOKING Spit Poison.
  6263 | D:8      | 6263 ||| STAIRDANCE
  6267 | D:7      | 6267 ||| INVOKING Spit Poison.
  6268 | D:7      | HP: 19/82 [death yak (8)]
  6269 | D:7      | 6269 ||| DRINKING potion of heal wounds.
  6271 | D:7      | 6271 ||| INVOKING Spit Poison.
  6271 | D:7      | HP: 9/82 [death yak (17)]
  6272 | D:7      | 6272 ||| INVOKING Heroism.
  6272 | D:7      | Slain by a death yak

Levels and vault maps discovered:
D:1:      lemuel_arrival_behind_the_door_small, layout_basic,
          minmay_misc_feat_roman
D:2:      layout_loops_cross, nicolae_ecumenical_lake_church
D:3:      layout_basic, nicolae_overflow_ecumenical_swirl,
          mainiacjoe_overflow_catwalk, kennysheep_vampire_church,
          pf_guarded_unrand_meek
D:4:      layout_rooms, trog_wizard, temple_hall, cheibrodos_gnoll_hut
D:5:      layout_basic, lemuel_tele_altar, uniq_menkaure
D:6:      layout_rooms, st_stairs_2, uniq_eustachio
D:7:      layout_rooms, cheibrodos_ashenzari_chains
D:8:      kennysheep_ambush_hall, layout_cave_pods,
          mainiacjoe_overflow_six_doors_small, dpeg_lair_monsters,
          columned_hall_lemuel
Temple:   hellmonk_temple_forest_ring

Skill      XL: |  1  2  3  4  5  6  7  8  9 |
---------------+----------------------------+-----
Ranged Weapons | 4 5 6 8 10 | 10.0
Fighting       | 3 4 5 6 |  6.1
Dodging        | 2 3 |  3.2
Invocations    | 4 |  4.3
Armour         | 1 |  1.4
Stealth        | |  1.5

Action                     |  1- 3 |  4- 6 |  7- 9 || total
---------------------------+-------+-------+-------++-------
   Fire: Shortbow          |    64 |    49 |       ||   113
         Orcbow            |       |    58 |   226 ||   284
 Invoke: Heroism           |       |       |    10 ||    10
Ability: Spit Poison       |    23 |    28 |    59 ||   110
    Use: Scroll            |     5 |     2 |     9 ||    16
         Potion            |     2 |     2 |     5 ||     9
 Armour: Leather armour    |     5 |    28 |    71 ||   104
  Dodge: Dodged            |    15 |    37 |   146 ||   198
  Block: Other             |       |       |    32 ||    32

Table legend:
 A = Non-vault XP
 B = Vault XP
 C = Vault XP percentage of total XP
 D = Non-vault monster count
 E = Vault monster count
 F = Vault count percentage of total count
                 A         B        C        D         E       F
            +---------+---------+-------+---------+---------+-------
      Total |    3073 |     904 |  22.7 |     126 |      21 |  14.3
            +---------+---------+-------+---------+---------+-------
        D:1 |      28 |       0 |   0.0 |      15 |       0 |   0.0
        D:2 |      65 |       0 |   0.0 |      21 |       0 |   0.0
        D:3 |     203 |     171 |  45.7 |      19 |      11 |  36.7
        D:4 |     384 |     271 |  41.4 |      17 |       4 |  19.0
        D:5 |     536 |       0 |   0.0 |      11 |       0 |   0.0
        D:6 |    1066 |     458 |  30.1 |      26 |       3 |  10.3
        D:7 |     758 |       0 |   0.0 |      16 |       0 |   0.0
        D:8 |      33 |       4 |  10.8 |       1 |       3 |  75.0
            +---------+---------+-------+---------+---------+-------
